[Event "Titled Tuesday Blitz October 11 Late 2022"]
[White "Fernandez Siles, Luis"]
[Black "Kanter, Eduard"]
[WhiteFideId "2209420"]
[BlackFideId "4103963"]
[WhiteElo "2186"]
[BlackElo "2267"]
[Result "0-1"]
[Round "04"]
[TimeControl "180+1"]
[Date "2022.10.12"]
[WhiteClock "0:00:08"]
[BlackClock "0:00:42"]

1. e4 c5 2. Nf3 d6 3. Bb5+ Nd7 4. O-O a6 5. Bd3 Ngf6 6. Re1 b5 7. c3 Bb7 8. Bc2 e6 9. d4 Be7 10. Nbd2 Qb6 11. Nf1 Rc8 12. Ng3 O-O 13. e5 dxe5 14. dxe5 Nd5 15. Qd3 g6 16. Bh6 Rfd8 17. h4 c4 18. Qe2 Nc5 19. h5 Nd3 20. Bxd3 cxd3 21. Qxd3 Nxc3 22. Qe3 Qxe3 23. Bxe3 Bxf3 24. bxc3 Bd5 25. Bd4 Rc4 26. hxg6 hxg6 27. Rad1 Ra4 28. Ne4 Bxe4 29. Rxe4 Rxa2 30. Rb1 Ra4 31. f4 Bc5 32. g4 Bxd4+ 33. cxd4 Rdxd4 34. Rxd4 Rxd4 0-1


[Site "https://www.chess.com"]

[Event "Titled Tuesday Blitz October 11 Late 2022"]
[White "Floresvillar Gonzalez, Luis Migu"]
[Black "Rosenberg, Evan S"]
[WhiteFideId "5100542"]
[BlackFideId "2019299"]
[WhiteElo "2040"]
[BlackElo "2341"]
[Result "0-1"]
[Round "04"]
[TimeControl "180+1"]
[Date "2022.10.12"]
[WhiteClock "0:00:08"]
[BlackClock "0:00:09"]

1. c4 e5 2. Nc3 Bb4 3. g3 Bxc3 4. bxc3 Nc6 5. Bg2 f5 6. d4 e4 7. Bf4 d6 8. h4 Nf6 9. e3 O-O 10. Bg5 Qe8 11. Bxf6 Rxf6 12. Ne2 Na5 13. Nf4 c6 14. Bf1 b6 15. Qa4 Ba6 16. Be2 Qf7 17. c5 Bxe2 18. Nxe2 dxc5 19. dxc5 Qc4 20. Qxc4+ Nxc4 21. cxb6 axb6 22. O-O c5 23. Rfd1 Rd6 24. Rxd6 Nxd6 25. Nf4 Nb5 26. Nd5 Ra6 27. a4 Nd6 28. Rb1 Nc4 29. Ne7+ Kf7 30. Nxf5 g6 31. Nh6+ Kg7 32. Ng4 Rxa4 33. Rb3 h5 34. Nh2 Ra1+ 35. Kg2 Ra2 36. Nf1 Rc2 37. Kg1 Rc1 38. Kg2 Kf6 39. Nh2 Ke5 40. g4 Rc2 41. Kg3 Rc1 42. gxh5 gxh5 43. Kg2 Rd1 44. Nf1 Rxf1 45. Rxb6 Nxb6 46. Kxf1 c4 47. Ke2 Nd5 48. Kd2 Kf5 49. Kc2 Kg4 50. Kb2 Kf3 51. Ka3 Nxc3 52. Kb4 Nd1 53. Kxc4 Nxf2 54. Kd4 Ng4 55. Kd5 Nxe3+ 56. Ke6 Ng4 57. Kf5 e3 58. Kg5 e2 59. Kxh5 e1=Q 60. Kg6 Qe6+ 61. Kh5 Qh6# 0-1


[Site "https://www.chess.com"]

[Event "Titled Tuesday Blitz October 11 Late 2022"]
[White "Gajewski, Grzegorz"]
[Black "Gatineau, Yovann"]
[WhiteFideId "1116207"]
[BlackFideId "26028999"]
[WhiteElo "2547"]
[BlackElo "2275"]
[Result "1-0"]
[Round "04"]
[TimeControl "180+1"]
[Date "2022.10.11"]
[WhiteClock "0:00:55"]
[BlackClock "0:00:08"]

1. e4 e5 2. Nf3 Nf6 3. Nc3 Bb4 4. d3 Nc6 5. Bg5 h6 6. Bh4 d6 7. Be2 Be6 8. Nd2 Bxc3 9. bxc3 g5 10. Bg3 d5 11. Bf3 Qd7 12. exd5 Nxd5 13. Ne4 Qe7 14. c4 Nf4 15. Rb1 g4 16. Bxg4 f5 17. Bh5+ Kd7 18. Bxf4 exf4 19. Nc3 Bxc4+ 20. Kd2 Bf7 21. Re1 Qf6 22. Bxf7 Qxf7 23. Qf3 Rae8 24. Rxe8 Rxe8 25. Rxb7 Qe7 26. Rxc7+ Kxc7 27. Nd5+ Kd6 28. Nxe7 Rxe7 29. Qxf4+ Kc5 30. c3 Kb6 31. Qxh6 1-0


[Site "https://www.chess.com"]

[Event "Titled Tuesday Blitz October 11 Late 2022"]
[White "Gardezi, Arsal"]
[Black "Petrova, Irina"]
[WhiteFideId "30949521"]
[BlackFideId "14124122"]
[WhiteElo "1906"]
[BlackElo "2023"]
[Result "1/2-1/2"]
[Round "04"]
[TimeControl "180+1"]
[Date "2022.10.12"]
[WhiteClock "0:00:17"]
[BlackClock "0:00:10"]

1. e4 d6 2. d4 Nf6 3. Nd2 e5 4. dxe5 dxe5 5. Ngf3 Nbd7 6. Bd3 Bc5 7. O-O O-O 8. Nc4 Qe7 9. a4 c6 10. c3 a5 11. Bg5 h6 12. Bh4 Re8 13. Bg3 Bd6 14. Nxd6 Qxd6 15. Qe2 Nf8 16. Rfd1 Qc7 17. b4 axb4 18. cxb4 Ng6 19. Qb2 Bg4 20. Rdc1 Bxf3 21. gxf3 Nh5 22. b5 Nhf4 23. Bf1 h5 24. bxc6 bxc6 25. h4 Qe7 26. Rxc6 Nxh4 27. Qc3 Qg5 28. Kh2 Nhg6 29. Bc4 h4 30. Bxf4 Qxf4+ 31. Kh3 Qg5 32. Kh2 h3 33. Rg1 Qf4+ 34. Rg3 Rad8 35. Rxg6 Rd2 36. Rxg7+ Kh8 37. Qxd2 Qxd2 38. Kxh3 Qh6+ 39. Kg2 Qxg7 40. Rxg7 Kxg7 41. Bb5 Ra8 42. Kg3 Kf6 43. f4 Ke6 44. f5+ Kd6 45. f4 f6 46. fxe5+ Kxe5 47. Kg4 Rg8+ 48. Kf3 Rd8 49. a5 Rb8 50. Bc6 Rb3+ 51. Kf2 Ra3 52. a6 Rxa6 53. Bb7 Ra3 54. Bd5 Rc3 55. Kf1 Re3 56. Kf2 Rxe4 57. Bxe4 Kxe4 58. Kg3 Kxf5 59. Kf3 Ke5 60. Ke3 Kf5 61. Kf3 Ke5 62. Ke3 f5 63. Kf3 f4 64. Kf2 Ke4 65. Ke2 f3+ 66. Kf2 Kf4 67. Kf1 Ke3 68. Ke1 f2+ 69. Kf1 Kf3 1/2-1/2


[Site "https://www.chess.com"]

[Event "Titled Tuesday Blitz October 11 Late 2022"]
[White "Gasparyan, David"]
[Black "Poltorak, Sebastian"]
[WhiteFideId "13311980"]
[BlackFideId "1199498"]
[WhiteElo "2352"]
[BlackElo "2232"]
[Result "0-1"]
[Round "04"]
[TimeControl "180+1"]
[Date "2022.10.12"]
[WhiteClock "0:00:04"]
[BlackClock "0:01:34"]

1. d4 Nf6 2. Nf3 d5 3. e3 e6 4. Bd3 c5 5. c3 Nc6 6. O-O Be7 7. Nbd2 O-O 8. Qe2 b6 9. Rd1 Bb7 10. Nf1 Rc8 11. Ng3 Qc7 12. Bd2 e5 13. dxe5 Nxe5 14. Bf5 Rcd8 15. Nxe5 Qxe5 16. Qd3 Bd6 17. Re1 Rfe8 18. Rad1 Ne4 19. Qc2 Bc7 20. c4 g6 21. Bg4 f5 22. Bf3 dxc4 23. Bxe4 fxe4 24. Qxc4+ Qd5 25. Qc3 Be5 26. Qa3 a6 27. b3 Qd3 28. Nf1 c4 29. Qc1 c3 30. Bxc3 Qxc3 31. Qb1 Rd3 32. Rc1 Qa5 33. Rc4 Red8 34. Rec1 Qd5 35. Qc2 Rd1 36. Rxd1 Qxd1 37. g3 Qxc2 38. Rxc2 Rc8 39. Kg2 Rxc2 0-1


[Site "https://www.chess.com"]

[Event "Titled Tuesday Blitz October 11 Late 2022"]
[White "Girsh, Daniel"]
[Black "Djordjevic, Dejan N"]
[WhiteFideId "30949190"]
[BlackFideId "913316"]
[WhiteElo "2075"]
[BlackElo "2262"]
[Result "1-0"]
[Round "04"]
[TimeControl "180+1"]
[Date "2022.10.12"]
[WhiteClock "0:01:08"]
[BlackClock "0:00:13"]

1. d4 Nf6 2. Nc3 d6 3. e4 Nc6 4. d5 Ne5 5. h3 e6 6. f4 Ng6 7. Nf3 exd5 8. exd5 Be7 9. Be2 O-O 10. O-O c6 11. Kh2 a6 12. Be3 c5 13. a4 b6 14. Bd3 Re8 15. f5 Nf8 16. Qd2 Bb7 17. Bc4 Qd7 18. Ng5 Bd8 19. Qd3 Qc7 20. Rae1 N8d7 21. Bf4 Ne5 22. Bxe5 dxe5 23. d6 Qc6 24. Re2 Rf8 25. Rff2 Ng4+ 26. hxg4 Bxg5 27. Bd5 Qd7 28. Ne4 Bc1 29. Bxb7 Qxb7 30. f6 g6 31. Rf1 Bxb2 32. Qh3 Qd7 33. Qh6 Qxg4 34. Qg7# 1-0


[Site "https://www.chess.com"]

[Event "Titled Tuesday Blitz October 11 Late 2022"]
[White "Gledura, Benjamin"]
[Black "Paravyan, David"]
[WhiteFideId "712779"]
[BlackFideId "4194985"]
[WhiteElo "2537"]
[BlackElo "2555"]
[Result "0-1"]
[Round "04"]
[TimeControl "180+1"]
[Date "2022.10.11"]
[WhiteClock "0:00:03"]
[BlackClock "0:00:10"]

1. d4 Nf6 2. Nf3 g6 3. g3 Bg7 4. Bg2 d5 5. O-O O-O 6. c3 c6 7. a4 Bf5 8. a5 Qc8 9. Re1 Na6 10. Nbd2 Ne4 11. Nh4 Nxd2 12. Nxf5 Qxf5 13. Bxd2 Rad8 14. e4 dxe4 15. Bxe4 Qc8 16. Bg5 Rfe8 17. Qb3 Bf6 18. Bxf6 exf6 19. Bf3 Nc7 20. Kg2 a6 21. h4 h5 22. Qc4 Kg7 23. Qc5 Qd7 24. Rad1 f5 25. Rxe8 Rxe8 26. c4 f4 27. gxf4 Ne6 28. Qe5+ f6 29. Qe3 Ng5 30. hxg5 Rxe3 31. gxf6+ Kxf6 32. fxe3 Qf5 33. Rd2 Qxa5 34. Re2 Qb4 35. d5 Qxc4 36. d6 Ke6 37. Rd2 Qb4 38. Rd4 Qxb2+ 39. Kg3 Kd7 40. Bg2 h4+ 41. Kf3 Qb1 42. Bh3+ Kd8 43. f5 Qh1+ 44. Kg4 Qe1 45. fxg6 Qg3+ 46. Kh5 Qxh3 47. Rxh4 Qxe3 48. g7 Qe6 49. Rg4 Qf5+ 50. Rg5 Qh7+ 51. Kg4 Qg8 52. Kh5 Kd7 53. Rg6 b5 54. Kh6 a5 55. Rf6 a4 56. Rf8 Qe6+ 57. Kh7 Qh3+ 58. Kg8 a3 59. Ra8 b4 0-1


[Site "https://www.chess.com"]

[Event "Titled Tuesday Blitz October 11 Late 2022"]
[White "Goltsev, Dmitry"]
[Black "Barash, Anton"]
[WhiteFideId "24176710"]
[BlackFideId "30935229"]
[WhiteElo "2643"]
[BlackElo "2296"]
[Result "1-0"]
[Round "04"]
[TimeControl "180+1"]
[Date "2022.10.12"]
[WhiteClock "0:00:38"]
[BlackClock "0:00:03"]

1. e4 e6 2. d4 d5 3. exd5 exd5 4. Nf3 Nf6 5. Bd3 Bd6 6. O-O O-O 7. Re1 Bg4 8. c4 c6 9. Nc3 Nbd7 10. h3 Bh5 11. Bg5 dxc4 12. Bxc4 Qc7 13. Rc1 Rfe8 14. Qb3 Bf4 15. Bxf4 Qxf4 16. Ne2 Qc7 17. Ng5 Nb6 18. Bd3 h6 19. Nf3 Bxf3 20. gxf3 Nbd5 21. Be4 Qd7 22. Ng3 Qxh3 23. Bf5 Qh4 24. Qxb7 g6 25. Bg4 Nxg4 26. fxg4 Qxg4 27. Qxc6 Red8 28. Rc5 Nf4 29. Re4 Qd1+ 30. Kh2 Nd3 31. Rc2 Rac8 32. Qxc8 Rxc8 33. Rxc8+ Kg7 34. Rc7 Nxf2 35. Ree7 Ng4+ 36. Kh3 Nf6 37. Rxf7+ 1-0


[Site "https://www.chess.com"]

[Event "Titled Tuesday Blitz October 11 Late 2022"]
[White "Golubev, Mikhail"]
[Black "Tarasova, Viktoriya"]
[WhiteFideId "14100983"]
[BlackFideId "4175840"]
[WhiteElo "2562"]
[BlackElo "2381"]
[Result "0-1"]
[Round "04"]
[TimeControl "180+1"]
[Date "2022.10.12"]
[WhiteClock "0:00:01"]
[BlackClock "0:00:03"]

1. e4 e5 2. d4 exd4 3. Qxd4 Nc6 4. Qd3 Nf6 5. Nc3 Bb4 6. Bd2 O-O 7. O-O-O Re8 8. Nge2 d6 9. Bg5 h6 10. Bh4 Ne5 11. Qg3 c6 12. f4 Ng6 13. e5 Nxh4 14. Qxh4 Ng4 15. Qg3 Qb6 16. exd6 Bd7 17. Nd4 Re3 18. Qh4 Bxc3 19. bxc3 Rxc3 20. Qe7 Rd8 21. Nb3 Nf6 22. Bd3 Re8 23. Rhe1 Rxe7 24. dxe7 Be8 25. Bf1 Re3 26. Be2 Qb4 0-1


[Site "https://www.chess.com"]

[Event "Titled Tuesday Blitz October 11 Late 2022"]
[White "Gonzalez, Francisco Silva"]
[Black "Kukula, Pawel"]
[WhiteFideId "1512285"]
[BlackFideId "1115081"]
[WhiteElo "2159"]
[BlackElo "2062"]
[Result "0-1"]
[Round "04"]
[TimeControl "180+1"]
[Date "2022.10.12"]
[WhiteClock "0:01:22"]
[BlackClock "0:01:17"]

1. d4 Nf6 2. c4 g6 3. Nc3 Bg7 4. e4 d6 5. f3 O-O 6. Be3 a6 7. Qd2 c5 8. Nge2 cxd4 9. Nxd4 Nc6 10. Be2 Nxd4 11. Bxd4 Be6 12. b4 Rc8 13. Nd5 Bxd5 14. cxd5 Nd7 15. Bxg7 Kxg7 16. a4 Qb6 17. a5 Qa7 18. Rd1 Rc7 19. Qd4+ Qxd4 20. Rxd4 Rc1+ 21. Bd1 Rfc8 22. Kd2 R1c4 23. Ke3 Ne5 24. Be2 Rc3+ 25. Kd2 Rc2+ 26. Ke3 R8c3+ 27. Kf2 Rb2 28. Rhd1 g5 29. R1d2 Rcb3 30. Rxb2 Rxb2 31. g3 Kf6 32. Ke3 h5 33. f4 gxf4+ 34. gxf4 Ng4+ 35. Bxg4 hxg4 36. e5+ dxe5 37. fxe5+ Kxe5 38. Rxg4 Rxh2 39. Rg5+ Kd6 40. Kd4 Rh4+ 41. Kc3 f6 42. Rg7 Re4 43. Rg8 Kxd5 44. Rc8 Kd6 45. Kb3 f5 46. Rd8+ Kc7 47. Rf8 f4 48. Kc3 e5 49. Rf6 Re1 50. Kc4 Re3 51. Kd5 f3 52. Rf7+ Kb8 53. Kc5 Ka7 54. Kd5 e4 55. Kd4 Re2 56. Rf4 f2 57. b5 axb5 58. Kc5 e3 59. Kxb5 Re1 60. a6 f1=Q+ 61. Ka5 b6+ 0-1


[Site "https://www.chess.com"]

[Event "Titled Tuesday Blitz October 11 Late 2022"]
[White "Hajiyev, Kanan"]
[Black "Aung Thant Zin"]
[WhiteFideId "13404148"]
[BlackFideId "13000063"]
[WhiteElo "2118"]
[BlackElo "2278"]
[Result "1-0"]
[Round "04"]
[TimeControl "180+1"]
[Date "2022.10.12"]
[WhiteClock "0:00:09"]
[BlackClock "0:01:00"]

1. d4 Nf6 2. Nf3 e6 3. c4 d5 4. cxd5 exd5 5. Nc3 c6 6. Bg5 Be7 7. e3 O-O 8. Bd3 Bg4 9. Qc2 Nbd7 10. Ne5 Bh5 11. f4 h6 12. Bh4 Ne4 13. Bxe7 Qxe7 14. O-O f5 15. Rab1 Nxe5 16. fxe5 Rad8 17. b4 a6 18. a4 Kh8 19. Bxe4 fxe4 20. Rxf8+ Rxf8 21. b5 axb5 22. axb5 Qg5 23. Qd2 Be8 24. bxc6 Bxc6 25. Rf1 Rxf1+ 26. Kxf1 Qe7 27. Qb2 Qg5 28. Qf2 Qe7 29. g4 Qb4 30. Qc2 Qc4+ 31. Kf2 b5 32. Qb2 b4 33. Na2 b3 34. Nc3 Bb5 35. Nxb5 Qxb5 36. Ke1 Kg8 37. h4 Kf7 38. g5 hxg5 39. hxg5 Ke6 40. g6 Qd3 41. Qd2 Qb1+ 42. Qd1 Qa2 43. Qg4+ Ke7 44. Qg5+ Ke8 45. Qf5 b2 46. Qc8+ Ke7 47. Qc7+ Ke6 48. Qf7# 1-0


[Site "https://www.chess.com"]

[Event "Titled Tuesday Blitz October 11 Late 2022"]
[White "Hansen, Eric"]
[Black "Jacobson, Brandon"]
[WhiteFideId "2606771"]
[BlackFideId "30901561"]
[WhiteElo "2568"]
[BlackElo "2451"]
[Result "1-0"]
[Round "04"]
[TimeControl "180+1"]
[Date "2022.10.11"]
[WhiteClock "0:01:32"]
[BlackClock "0:00:12"]

1. d4 Nf6 2. c4 g6 3. Nf3 Bg7 4. Nc3 O-O 5. Bf4 d6 6. h3 Bf5 7. e3 Ne4 8. Rc1 c5 9. Be2 Nc6 10. O-O Nxc3 11. bxc3 Na5 12. Qa4 b6 13. Rfd1 Qe8 14. Qa3 e5 15. Bh2 Qe7 16. Nd2 Rac8 17. Nb3 Nxb3 18. axb3 exd4 19. cxd4 Bxd4 20. exd4 Qxe2 21. Bxd6 Rfd8 22. dxc5 bxc5 23. Re1 Qd3 24. Bxc5 Rb8 25. Re3 Qd2 26. Rce1 Be6 27. Bxa7 Ra8 28. Qc5 Rac8 29. Qe5 Rd7 30. Bb6 Qb4 31. Bd4 1-0


[Site "https://www.chess.com"]

[Event "Titled Tuesday Blitz October 11 Late 2022"]
[White "Har-Zvi, Ronen"]
[Black "Lazavik, Denis"]
[WhiteFideId "2801485"]
[BlackFideId "13515110"]
[WhiteElo "2523"]
[BlackElo "2437"]
[Result "0-1"]
[Round "04"]
[TimeControl "180+1"]
[Date "2022.10.11"]
[WhiteClock "0:00:03"]
[BlackClock "0:00:10"]

1. Nf3 f5 2. c4 Nf6 3. Nc3 g6 4. g3 Bg7 5. Bg2 O-O 6. d4 d6 7. O-O c6 8. d5 e5 9. dxe6 Bxe6 10. b3 Na6 11. Bb2 Qe7 12. Qc2 Nc5 13. Rad1 a5 14. e3 h6 15. Ne2 Bf7 16. Nh4 Nh5 17. Bxg7 Kxg7 18. Rd4 Ne6 19. Rd2 Kg8 20. Rfd1 Rad8 21. Qc3 a4 22. b4 Ng5 23. Qc2 Ne4 24. Rd3 Rfe8 25. a3 Nhf6 26. Nd4 c5 27. bxc5 Nxc5 28. Ndxf5 gxf5 29. Nxf5 Qf8 30. Rxd6 Rxd6 31. Nxd6 Rd8 32. Nxb7 Rxd1+ 33. Qxd1 Nxb7 34. Bxb7 Qxa3 35. Bc6 Be8 36. Bxe8 Nxe8 37. Qd5+ Kf8 38. Qf5+ Ke7 39. Qe5+ Kd7 40. Qd5+ Qd6 41. Qf5+ Qe6 42. Qc5 Qc6 43. Qd4+ Kc8 44. c5 Nc7 0-1


[Site "https://www.chess.com"]

[Event "Titled Tuesday Blitz October 11 Late 2022"]
[White "Haszon, David"]
[Black "Fernandez Hernandez, Gerardo"]
[WhiteFideId "733610"]
[BlackFideId "2207400"]
[WhiteElo "2211"]
[BlackElo "2149"]
[Result "1-0"]
[Round "04"]
[TimeControl "180+1"]
[Date "2022.10.12"]
[WhiteClock "0:01:00"]
[BlackClock "0:00:02"]

1. e4 e6 2. d4 d5 3. Nd2 Nc6 4. Ngf3 Nf6 5. e5 Nd7 6. Bd3 f6 7. Ng5 fxg5 8. Qh5+ g6 9. Bxg6+ hxg6 10. Qxg6+ Ke7 11. Ne4 dxe4 12. Bxg5+ Nf6 13. Bxf6+ Kd7 14. Bxd8 Nxd8 15. h4 b6 16. h5 Bh6 17. Qf6 Rh7 18. Qg6 Rh8 19. g4 Bb7 20. g5 Bf8 21. h6 Nc6 22. O-O-O Ne7 23. Qf7 Bd5 24. h7 Kc6 25. Qf6 Rxh7 26. Rxh7 Nf5 27. g6 Be7 28. Rxe7 Nxe7 29. Qxe7 Rg8 30. g7 1-0


[Site "https://www.chess.com"]

[Event "Titled Tuesday Blitz October 11 Late 2022"]
[White "Hemam, Moulaye Brahim"]
[Black "Yano, William Jorge Froes"]
[WhiteFideId "19600054"]
[BlackFideId "2112949"]
[WhiteElo "2088"]
[BlackElo "2122"]
[Result "1-0"]
[Round "04"]
[TimeControl "180+1"]
[Date "2022.10.12"]
[WhiteClock "0:00:28"]
[BlackClock "0:00:36"]

1. e4 e6 2. d4 d5 3. Nc3 Bb4 4. e5 c5 5. Bd2 Ne7 6. Nb5 Bxd2+ 7. Qxd2 O-O 8. f4 Nbc6 9. Nf3 cxd4 10. O-O-O a6 11. Nbxd4 Bd7 12. Kb1 b5 13. g4 f6 14. exf6 Rxf6 15. Bd3 Nxd4 16. Nxd4 Qc7 17. Rhf1 Raf8 18. f5 e5 19. Nb3 Bc8 20. g5 Rc6 21. f6 gxf6 22. gxf6 Rcxf6 23. Qg5+ Rg6 24. Rxf8+ Kxf8 25. Bxg6 Nxg6 26. Rxd5 Be6 27. Qd8+ Qxd8 28. Rxd8+ Ke7 29. Ra8 e4 30. Kc1 Bc4 31. Rxa6 e3 32. Nd4 Nf4 33. b3 Bf1 34. Kd1 e2+ 35. Nxe2 Bxe2+ 36. Kd2 Bg4 37. Ra7+ Bd7 38. a4 bxa4 39. bxa4 Kd6 40. a5 Nd5 41. Ra6+ Bc6 42. Ra7 Nc7 43. Kc3 Kc5 44. Rxc7 Kb5 45. Rxh7 1-0


[Site "https://www.chess.com"]

[Event "Titled Tuesday Blitz October 11 Late 2022"]
[White "Hirneise, Jens"]
[Black "Ward, Ieuan C"]
[WhiteFideId "24614734"]
[BlackFideId "406627"]
[WhiteElo "2344"]
[BlackElo "2347"]
[Result "1-0"]
[Round "04"]
[TimeControl "180+1"]
[Date "2022.10.12"]
[WhiteClock "0:00:29"]
[BlackClock "0:00:02"]

1. d4 Nf6 2. c4 e6 3. Nf3 b6 4. g3 Bb7 5. Bg2 Be7 6. O-O O-O 7. Nc3 Ne4 8. Qc2 Nxc3 9. Qxc3 f5 10. Ne1 Bxg2 11. Nxg2 Bf6 12. Qd3 Nc6 13. e3 Qe7 14. Bd2 Rfd8 15. d5 Ne5 16. Qc2 Nf3+ 17. Kh1 Qf7 18. Ne1 Qh5 19. Nxf3 Qxf3+ 20. Kg1 exd5 21. cxd5 Qxd5 22. Rfd1 Qc6 23. Qxf5 Bxb2 24. Rab1 Bf6 25. Rdc1 Qb7 26. Bc3 Bxc3 27. Rxc3 c5 28. Rd1 Rf8 29. Rxd7 Rxf5 30. Rxb7 Rf7 31. Rxf7 Kxf7 32. e4 Rc8 33. a4 Ke6 34. f4 c4 35. Kf2 a6 36. Ke3 b5 37. axb5 axb5 38. Kd4 Kd6 39. Ra3 Rc7 40. Ra6+ Rc6 41. e5+ Kc7 42. Rxc6+ Kxc6 43. f5 Kd7 44. g4 Ke7 45. h4 g6 46. fxg6 hxg6 47. h5 g5 48. h6 1-0


[Site "https://www.chess.com"]

[Event "Titled Tuesday Blitz October 11 Late 2022"]
[White "Hnydiuk, Aleksander"]
[Black "Baskakov, Egor"]
[WhiteFideId "1109057"]
[BlackFideId "24197866"]
[WhiteElo "2548"]
[BlackElo "2713"]
[Result "0-1"]
[Round "04"]
[TimeControl "180+1"]
[Date "2022.10.12"]
[WhiteClock "0:00:01"]
[BlackClock "0:00:16"]

1. c4 Nf6 2. Nc3 e6 3. e4 d5 4. cxd5 exd5 5. e5 d4 6. exf6 dxc3 7. fxg7 cxd2+ 8. Qxd2 Qxd2+ 9. Bxd2 Bxg7 10. O-O-O Be6 11. Kb1 Nc6 12. Bb5 O-O-O 13. Bxc6 Bf5+ 14. Kc1 bxc6 15. Ne2 Rhg8 16. Rhe1 Bf6 17. Ng3 Be6 18. b3 Rd5 19. Ne4 Be7 20. g3 Ba3+ 21. Kc2 Bg4 22. Ra1 Rgd8 23. Bc3 Bf5 24. Re2 Rd3 25. Rae1 Rf3 26. b4 c5 27. bxc5 Bxc5 28. Kb2 Bb6 29. Ng5 Rxf2 30. Nxf7 Rxe2+ 31. Rxe2 Rd5 32. Re5 Rxe5 33. Nxe5 h5 34. Nc6 Kb7 35. Nd8+ Kc8 36. Nc6 Bg4 37. Ne5 Bf5 38. a3 Bg1 39. Nf3 Be3 40. Bd4 Bh6 41. Kc3 a5 42. Be5 Be4 43. Nd4 Bc1 0-1


[Site "https://www.chess.com"]

[Event "Titled Tuesday Blitz October 11 Late 2022"]
[White "Holt, Conrad"]
[Black "Van Foreest, Jorden"]
[WhiteFideId "2034387"]
[BlackFideId "1039784"]
[WhiteElo "2592"]
[BlackElo "2649"]
[Result "1-0"]
[Round "04"]
[TimeControl "180+1"]
[Date "2022.10.11"]
[WhiteClock "0:00:13"]
[BlackClock "0:00:04"]

1. d4 Nf6 2. c4 e6 3. Nc3 Bb4 4. Qc2 Nc6 5. Nf3 O-O 6. e4 d6 7. e5 dxe5 8. dxe5 Ng4 9. Bf4 Nd4 10. Qd1 Nxf3+ 11. Qxf3 Qd4 12. Rd1 Nxe5 13. Rxd4 Nxf3+ 14. gxf3 f6 15. Bxc7 e5 16. Rd1 Be6 17. Bd6 Bxc3+ 18. bxc3 Rfc8 19. Bd3 Bxc4 20. Be4 Ba6 21. Bb4 Rc7 22. Kd2 Bc4 23. Kc2 Bxa2 24. Bd5+ Bxd5 25. Rxd5 Kf7 26. Rhd1 Rac8 27. Rd7+ Ke6 28. R1d6+ Kf5 29. Kd3 b6 30. c4 Rxc4 31. Bd2 R4c7 32. h3 h5 33. Rd5 g5 34. R5d6 h4 35. Ke2 Kg6 36. Be3 Kf5 37. Rd2 Ke6 38. R7d6+ Kf5 39. Kf1 Rc6 40. Rd7 R8c7 41. Ke2 Rc1 42. R2d6 R1c2+ 43. Kd1 R2c4 44. Rd8 Ra4 45. Rf8 Ra1+ 46. Kd2 Ra2+ 47. Kd3 Ra3+ 48. Ke2 Kg6 49. Rfxf6+ Kg7 50. Rg6+ Kf7 51. Rxg5 Rc2+ 52. Rd2 Rxd2+ 53. Kxd2 Ke6 54. Rh5 b5 55. Rxh4 a5 56. f4 b4 57. fxe5 Kxe5 58. Kc2 Kd5 59. Rd4+ Kc6 60. Rd3 Ra1 61. Kb2 Rh1 62. Kb3 Rxh3 63. Ka4 Rh5 64. Rd1 Kb7 65. Rd6 Rf5 66. Rb6+ Kc7 67. Ra6 Kd7 68. Rxa5 Rxa5+ 69. Kxa5 b3 70. Bc1 Kc6 71. Kb4 Kd5 72. Kxb3 Ke4 73. Be3 1-0


[Site "https://www.chess.com"]

[Event "Titled Tuesday Blitz October 11 Late 2022"]
[White "Horobetz, Graham"]
[Black "Riehle, Marco"]
[WhiteFideId "2047322"]
[BlackFideId "12904392"]
[WhiteElo "2560"]
[BlackElo "2736"]
[Result "0-1"]
[Round "04"]
[TimeControl "180+1"]
[Date "2022.10.12"]
[WhiteClock "0:00:03"]
[BlackClock "0:01:29"]

1. e4 e5 2. Nf3 Nf6 3. d4 Nxe4 4. Bd3 Nc6 5. dxe5 Nc5 6. O-O d6 7. Bg5 Be7 8. Bxe7 Qxe7 9. exd6 Qxd6 10. Re1+ Be6 11. Bb5 O-O-O 12. Qxd6 Rxd6 13. Nbd2 Rhd8 14. Nc4 Bxc4 15. Bxc4 f6 16. c3 a6 17. g3 Nd3 18. Bxd3 Rxd3 19. Kg2 Kb8 20. Re4 Ka7 21. Rae1 a5 22. h4 b5 23. Re6 Kb7 24. h5 R8d6 25. Rxd6 Rxd6 26. Re2 a4 27. g4 Rd3 28. Rd2 Rxd2 29. Nxd2 Ne5 30. Kg3 c5 31. Ne4 Kc6 32. h6 gxh6 33. Nxf6 Nd3 34. f4 Nxb2 35. Nxh7 b4 36. cxb4 cxb4 37. g5 hxg5 38. fxg5 Nc4 39. g6 Nd6 40. Kf4 Ne8 41. Ke5 b3 42. Nf6 Nxf6 43. Kxf6 bxa2 0-1


[Site "https://www.chess.com"]

[Event "Titled Tuesday Blitz October 11 Late 2022"]
[White "Huber, Benedikt"]
[Black "Boyer, Mahel"]
[WhiteFideId "12923583"]
[BlackFideId "45102422"]
[WhiteElo "2199"]
[BlackElo "2454"]
[Result "0-1"]
[Round "04"]
[TimeControl "180+1"]
[Date "2022.10.12"]
[WhiteClock "0:01:44"]
[BlackClock "0:02:06"]

1. d4 d5 2. Nc3 Nf6 3. Bf4 a6 4. e3 b5 5. h4 Bb7 6. g4 c5 7. dxc5 d4 8. exd4 Bxh1 9. f3 e6 10. Qd2 b4 11. Nce2 Nd5 12. Ng3 Qxh4 13. Bxb8 Rxb8 14. Qf2 Be7 15. O-O-O Bg5+ 16. Kb1 Be3 17. Qe1 0-1


[Site "https://www.chess.com"]

[Event "Titled Tuesday Blitz October 11 Late 2022"]
[White "Ismagilov, Damir"]
[Black "Krzywda, Andrzej"]
[WhiteFideId "34199982"]
[BlackFideId "1114565"]
[WhiteElo "2106"]
[BlackElo "2149"]
[Result "1-0"]
[Round "04"]
[TimeControl "180+1"]
[Date "2022.10.12"]
[WhiteClock "0:00:18"]
[BlackClock "0:00:08"]

1. d4 Nf6 2. Bf4 g6 3. e3 Bg7 4. h3 d6 5. Nf3 O-O 6. c4 c5 7. Nc3 cxd4 8. exd4 d5 9. c5 Nc6 10. Be2 Ne4 11. O-O b6 12. Qa4 Bd7 13. Bb5 Nxc3 14. bxc3 Rc8 15. Bxc6 Rxc6 16. Qxa7 bxc5 17. Ne5 Bxe5 18. Bxe5 f6 19. Bg3 Qc8 20. Rfe1 Re8 21. Qa3 e6 22. Qb2 Qa6 23. Qd2 cxd4 24. cxd4 Rec8 25. h4 Rc2 26. Qf4 Kf7 27. h5 Qd3 28. Qd6 R8c7 29. Qb6 R7c6 30. Qb7 Ke8 31. Qb8+ Rc8 32. Qf4 Qf5 33. Qh6 Qxh5 34. Qg7 g5 35. Bd6 Qf7 36. Qh8+ Qf8 37. Qxf8# 1-0


[Site "https://www.chess.com"]

[Event "Titled Tuesday Blitz October 11 Late 2022"]
[White "Jaracz, Pawel"]
[Black "Vivas Zamora, Fabian Ernesto"]
[WhiteFideId "1102222"]
[BlackFideId "3902480"]
[WhiteElo "2698"]
[BlackElo "2485"]
[Result "1-0"]
[Round "04"]
[TimeControl "180+1"]
[Date "2022.10.12"]
[WhiteClock "0:00:03"]
[BlackClock "0:00:03"]

1. d4 Nf6 2. c4 g6 3. Nc3 d5 4. cxd5 Nxd5 5. e4 Nxc3 6. bxc3 Bg7 7. Bc4 c5 8. Ne2 Nc6 9. Be3 O-O 10. O-O b6 11. Rc1 Bb7 12. Qd2 Na5 13. Bd3 cxd4 14. cxd4 e6 15. Bh6 Qd7 16. Bxg7 Kxg7 17. Qf4 Rac8 18. h4 Nc6 19. Bb5 a6 20. Bxc6 Rxc6 21. h5 f6 22. Rxc6 Qxc6 23. h6+ Kg8 24. f3 e5 25. Qe3 exd4 26. Nxd4 Qd6 27. Rc1 Rc8 28. Rxc8+ Bxc8 29. Qb3+ Kf8 30. Qc3 Qc5 31. Qe3 Ke7 32. Kf2 Bd7 33. g4 g5 34. a3 Qd6 35. Qc3 Qh2+ 36. Ke3 Qf4+ 37. Kd3 Bb5+ 38. Kc2 Ba4+ 39. Kd3 Bb5+ 40. Kc2 Ba4+ 41. Kb2 Bd7 42. Qb4+ Qd6 43. Qc4 Qc5 44. Qxc5+ bxc5 45. Nb3 Kd6 46. Kc3 Bb5 47. Kd2 c4 48. Nd4 Kc5 49. Kc3 Bd7 50. Nc2 Be6 51. Ne3 Bf7 52. Nf5 Be6 53. Ng3 Bf7 54. Nf1 Kb5 55. Ne3 Ka4 56. Nxc4 Bxc4 57. Kxc4 Kxa3 58. Kd3 a5 59. f4 gxf4 60. g5 fxg5 61. e5 1-0


[Site "https://www.chess.com"]